 Dungeon Crawl Stone Soup version 0.29.1-4-g47bece8355 (webtiles) character file.

Game seed: 12580985640900261944

9738 javelincjr the Thaumaturge (level 11, -1/57 HPs)
             Began as a Deep Elf Conjurer on Dec 4, 2022.
             Was an Elder of Sif Muna.
             Slain by Snorg (9 damage)
             ... on level 12 of the Dungeon on Dec 5, 2022.
             The game lasted 02:09:59 (13230 turns).

javelincjr the Thaumaturge (Deep Elf Conjurer)     Turns: 13230, Time: 02:09:59

Health: -1/57      AC: 15    Str:  4    XL:     11   Next: 27%
Magic:  19/40      EV: 30    Int: 34    God:    Sif Muna [****..]
Gold:   612        SH:  0    Dex: 13    Spells: 23/39 levels left

rFire   + . .      SeeInvis .   o - staff of conjuration
rCold   . . .      Faith    .   X - orb {guile}
rNeg    . . .      Spirit   .   U - +2 robe "Pausurad" {rF+ Will+ MP+9 Stlth+}
rPois   .          Reflect  .   N - +2 hat
rElec   .          Harm     .   e - +2 cloak
rCorr   .          Rampage  .   y - +0 pair of gloves
Will    .....      Clarity  +   x - +0 pair of boots
Stlth   ++++......              n - amulet of the acrobat
HPRegen 0.19/turn               v - +4 ring of protection
MPRegen 0.27/turn               D - +6 ring of intelligence

@: acrobatic
A: clarity, subdued magic 1
a: Renounce Religion, Channel Magic, Forget Spell, Divine Exegesis


You were on level 12 of the Dungeon.
You worshipped Sif Muna.
Sif Muna was greatly pleased with you.
You visited 3 branches of the dungeon, and saw 14 of its levels.

You collected 612 gold pieces.

Inventory:

Hand Weapons
 f - a +1 short sword
 j - a +0 dagger of draining
 p - a +2 short sword of venom
 B - a +0 vampiric dagger
 C - a +2 flail of holy wrath
 F - the +6 dagger "Curis" {holy, Dex+5}
   (You found it on level 7 of the Dungeon)

   It has been blessed by the Shining One to cause great damage to the undead
   and demons.
   Dex:       It affects your dexterity (+5).
 G - a +5 dagger of pain
 K - a +2 hand axe of freezing
 L - a +0 arbalest
 O - a +2 shortbow of flaming
Missiles
 l - 21 boomerangs
 m - 2 throwing nets
 q - 31 poisoned darts (quivered)
 t - 2 silver javelins
 A - 5 atropa-tipped darts
Armour
 e - a +2 cloak (worn)
 x - a +0 pair of boots (worn)
 y - a +0 pair of gloves (worn)
 J - a +2 robe of the Archmagi
 M - a +0 chain mail of cold resistance
 N - a +2 hat (worn)
 P - a +0 scale mail of fire resistance
 R - a scarf of harm
 U - the +2 robe "Pausurad" (worn) {rF+ Will+ MP+9 Stlth+}
   (You found it on level 11 of the Dungeon)

   rF:        It protects you from fire.
   MP:        It affects your magic capacity (+9).
   Will:      It increases your willpower.
   Stlth:     It makes you more stealthy.
 X - an orb of guile (worn)
 Z - the +0 robe of Chill Winds {Regen+ rCorr Int-4 Dex+3}
   (You found it on level 11 of the Dungeon)

   Int:       It affects your intelligence (-4).
   Dex:       It affects your dexterity (+3).
   Regen:     It increases your rate of health regeneration.
   rCorr:     It protects you from acid and corrosion.
Magical Staves
 o - a staff of conjuration (weapon)
Jewellery
 n - an amulet of the acrobat (around neck)
 r - a +6 ring of intelligence
 v - a +4 ring of protection (left hand)
 D - a +6 ring of intelligence (right hand)
 I - a +4 ring of protection
 T - a ring of willpower
 V - a +4 ring of protection
Wands
 z - a wand of flame (52)
 E - a wand of iceblast (8)
 H - a wand of light (9)
 S - a wand of digging (6)
 Y - a wand of charming (4)
Scrolls
 a - a scroll of enchant armour
 g - 3 scrolls of immolation
 h - 8 scrolls of teleportation
 s - a scroll of magic mapping
 w - 7 scrolls of identify
 Q - a scroll of blinking
Potions
 b - a potion of magic
 c - 8 potions of curing
 d - 2 potions of might
 i - 4 potions of brilliance
 k - a potion of haste
 u - a potion of resistance
 W - a potion of heal wounds {unknown}


   Skills:
 + Level 2.0 Fighting
 + Level 3.4 Short Blades
 + Level 0.7 Staves
 + Level 0.3 Throwing
 + Level 7.4 Dodging
 + Level 5.2 Stealth
 + Level 14.7 Spellcasting
 + Level 10.5 Conjurations
 + Level 2.5 Hexes
 + Level 7.1 Necromancy
 + Level 0.5 Fire Magic


You had 23 spell levels left.
You knew the following spells:

 Your Spells              Type           Power      Damage    Failure   Level
a - Magic Dart            Conj           100%       1d8       0%          1
b - Searing Ray           Conj           100%       2d8       0%          2
c - Necrotise             Necr           100%       1d9       1%          1
d - Vampiric Draining     Necr           54%        2d9       1%          3
e - Fulminant Prism       Conj/Hex       34%        3d16      1%          4
f - Fireball              Conj/Fire      32%        3d14      3%          5

Your spell library contained the following spells:

 Spells                   Type           Power      Damage    Failure   Level
 Beastly Appendage        Tmut           38%        N/A       1%          1
 Sting                    Tmut/Pois      76%        1d6       1%          1
 Summon Small Mammal      Summ           76%        N/A       1%          1
 Blink                    Tloc           38%        N/A       1%          2
 Poisonous Vapours        Pois/Air       38%        N/A       1%          2
 Static Discharge         Conj/Air       63%        3-11/arc  1%          2
 Wereblood                Tmut           19%        N/A       1%          2
 Dazzling Flash           Conj/Hex       100%       N/A       1%          3
 Inner Flame              Hex/Fire       27%        N/A       1%          3
 Dispel Undead            Necr           54%        3d20      1%          4
 Iskenderun's Mystic Bla  Conj/Tloc      63%        2d13      1%          4
 Sticky Flame             Conj/Fire      64%        2d8       1%          4
 Agony                    Necr           54%        N/A       1%          5
 Summon Guardian Golem    Hex/Summ       25%        N/A       2%          3
 Call Canine Familiar     Summ           19%        N/A       3%          3
 Gell's Gravitas          Tloc           19%        N/A       3%          3
 Lesser Beckoning         Tloc           19%        N/A       3%          3
 Spider Form              Tmut/Pois      19%        N/A       3%          3
 Teleport Other           Tloc           19%        N/A       3%          3
 Cause Fear               Hex            16%        N/A       4%          4
 Irradiate                Conj/Tmut      31%        3d22      4%          5
 Olgreb's Toxic Radiance  Pois           19%        N/A       13%         4
 Orb of Destruction       Conj           42%        9d12      16%         7
 Silence                  Hex/Air        12%        N/A       22%         5
 Starburst                Conj/Fire      32%        6d10      22%         6
 Blade Hands              Tmut           9%         N/A       36%         5
 Manifold Assault         Tloc           19%        N/A       36%         5
 Spellforged Servitor     Conj/Summ      31%        N/A       82%         7
 Dragon Form              Tmut           9%         N/A       100%        7
 Discord                  Hex            16%        N/A       100%        8
 Ignition                 Fire           11%        3d5       100%        8


Dungeon Overview and Level Annotations

Branches:
Dungeon (12/15)            Temple (1/1) D:5            Lair (1/5) D:9
    Orc (0/2) D:10

Altars:
Ashenzari
Cheibriados
Dithmenos
Elyvilon
Fedhas
Gozag
Hepliaklqana
Kikubaaqudgha
Makhleb
Nemelex Xobeh
Okawaru
Qazlal
Ru
Sif Muna
Trog
Uskayaw
Vehumet
Wu Jian
Xom
Yredelemnul
Zin
The Shining One

Shops:
D:7 ?

Annotations:
D:12 Snorg


Innate Abilities, Weirdness & Mutations

You possess an exceptional clarity of mind.
Your spells are a little easier to cast, but a little less powerful.


Message History

Aim: Snorg (heavily wounded, 83% to hit)
You feel a surge of power!
The searing ray hits Snorg.
Snorg is severely wounded. (Press . to maintain the ray.)
The searing ray hits Snorg.
Snorg is severely wounded.
A wraith comes into view.
The searing ray hits Snorg!
Snorg is severely wounded.
Snorg goes berserk!
The searing ray hits Snorg!
Snorg is severely wounded.
You finish channelling your searing ray.
Casting: Searing Ray (safe; 0% risk of failure)
Confirm with . or Enter, or press ? or * to list all spells.
Aiming: Searing Ray (safe; 0% risk of failure)
Press: ? - help, Shift-Dir - straight line, f/p - Snorg
Aim: Snorg (severely wounded, berserk, 83% to hit)
You feel a surge of power!
The searing ray hits Snorg!
Snorg is almost dead. (Press . to maintain the ray.) Snorg bites you!
Snorg claws you! Snorg barely misses you. Snorg completely misses you.
Snorg claws you. Snorg claws you but does no damage.
Unknown command.
The searing ray hits Snorg.
Snorg is almost dead.
Snorg completely misses you. x3
The searing ray misses Snorg.
Snorg bites you!
* * * LOW HITPOINT WARNING * * *
Snorg completely misses you. Snorg misses you. Snorg completely misses you.
Snorg claws you!
* * * LOW HITPOINT WARNING * * *
Snorg misses you.
The searing ray hits Snorg.
Snorg is almost dead.
The searing ray hits the wraith but does no damage.
You finish channelling your searing ray.
Snorg bites you!
You die...

#.#######
#.......#
#.#####.#
####.####
#@......# ####
#T##.##.# #..
#W##.##.# #.#
.....##<####.#
###.####......#
#.# ########
#.# .#


You could see Snorg (berserk) and a wraith.

Vanquished Creatures
  Josephine (D:11)
  A hydra (D:9)
  A two-headed ogre (D:11)
  A gargoyle (D:10)
  An unseen horror (D:11)
  2 komodo dragons
  A wyvern (D:10)
  4 wraiths (D:11)
  Grum (D:10)
  9 yaks
  A steam dragon (D:6)
  2 vampire mosquitoes
  2 acid dragons
  3 sky beasts
  4 orc warriors
  An ogre (D:5)
  4 wolves (D:10)
  5 phantoms
  2 centaurs
  3 kobold brigands
  3 bullfrogs
  2 gnoll sergeants
  3 necrophages
  3 scorpions
  4 wights (D:8)
  A troll zombie (D:10)
  An electric eel (D:7)
  2 howler monkeys
  A jelly (D:6)
  2 hounds
  5 orc priests
  2 gnoll boudas (D:8)
  4 iguanas
  Terence (D:3)
  9 orc wizards
  7 ogre zombies (D:10)
  3 adders
  21 gnolls
  2 ufetubi
  3 worms (D:2)
  4 dart slugs
  42 orcs
  6 bats
  6 endoplasms
  4 giant cockroaches
  6 goblins
  3 hobgoblins
  5 jackals
  7 quokkas
  7 ball pythons
  A frilled lizard (D:1)
  A goblin skeleton (D:10)
  2 goblin zombies (D:10)
  4 hobgoblin zombies (D:10)
  22 kobolds
  An orc skeleton (D:10)
  17 orc zombies (D:10)
  7 rats
  A fulminant prism (D:11)
274 creatures vanquished.

Vanquished Creatures (collateral kills)
  An ice beast (D:5)
1 creature vanquished.

Vanquished Creatures (others)
  20 fulminant prisms
  14 plants (D:9)
34 creatures vanquished.

Grand Total: 309 creatures vanquished

Notes
Turn   | Place    | Note
-------+----------+-------------------------------------------
     0 | D:1      | javelincjr the Deep Elf Conjurer began the quest for the
                  | Orb.
     0 | D:1      | Reached XP level 1. HP: 10/10 MP: 6/6
   103 | D:1      | Reached XP level 2. HP: 15/15 MP: 0/8
   311 | D:1      | Reached skill level 5 in Conjurations
   890 | D:1      | Reached XP level 3. HP: 14/19 MP: 5/9
  1338 | D:1      | Gained mutation: Your spells are a little easier to cast,
                  | but a little less powerful. [potion of mutation]
  1338 | D:1      | Gained mutation: You are partially covered in iridescent
                  | scales. (AC +2) [potion of mutation]
  1338 | D:1      | Gained mutation: You are clumsy. (Dex -2) [potion of
                  | mutation]
  1338 | D:1      | Gained mutation: You possess an exceptional clarity of
                  | mind. [potion of mutation]
  1346 | D:1      | Learned a level 2 spell: Searing Ray
  1641 | D:2      | Found a faded altar of an unknown god.
  1791 | D:2      | Reached XP level 4. HP: 24/24 MP: 6/11
  2446 | D:4      | Noticed a scorpion
  2555 | D:3      | Noticed Terence
  2562 | D:3      | Killed Terence
  2563 | D:3      | Reached skill level 1 in Short Blades
  2563 | D:3      | Reached XP level 5. HP: 25/28 MP: 6/12
  2702 | D:3      | Reached skill level 4 in Spellcasting
  3546 | D:5      | Entered Level 5 of the Dungeon
  3568 | D:4      | Reached XP level 6. HP: 32/32 MP: 6/15
  3777 | D:4      | Reached skill level 5 in Spellcasting
  4117 | D:4      | Learned a level 1 spell: Necrotise
  4262 | D:5      | Found a staircase to the Ecumenical Temple.
  4276 | Temple   | Entered the Ecumenical Temple
  4346 | Temple   | Became a worshipper of Sif Muna the Loreminder
  4658 | D:5      | Reached XP level 7. HP: 37/37 MP: 10/17
  5046 | D:5      | Reached skill level 6 in Spellcasting
  5500 | D:5      | Reached skill level 1 in Necromancy
  5585 | D:5      | Reached skill level 7 in Spellcasting
  5855 | D:5      | Reached skill level 1 in Fighting
  5855 | D:5      | Reached XP level 8. HP: 26/43 MP: 16/21
  5992 | D:6      | Reached * piety under Sif Muna
  5993 | D:6      | Reached skill level 8 in Spellcasting
  6017 | D:7      | Lost mutation: You are partially covered in iridescent
                  | scales. (AC +2) [potion of mutation]
  6017 | D:7      | Lost mutation: You are clumsy. (Dex -2) [potion of
                  | mutation]
  6875 | D:6      | Reached skill level 9 in Spellcasting
  7090 | D:6      | Learned a level 3 spell: Vampiric Draining
  7657 | D:7      | Reached skill level 5 in Necromancy
  7830 | D:7      | Found Banefa's Magic Scroll Emporium.
  7974 | D:7      | Identified the +6 dagger "Curis" {holy, Dex+5}
  7978 | D:7      | Found a runed translucent door.
  7999 | D:7      | Reached XP level 9. HP: 43/47 MP: 19/24
  8006 | D:7      | Reached skill level 5 in Dodging
  8032 | D:7      | Reached skill level 10 in Spellcasting
  8205 | D:7      | Reached ** piety under Sif Muna
  9368 | D:8      | Reached skill level 11 in Spellcasting
  9403 | D:8      | Learned a level 4 spell: Fulminant Prism
 10002 | D:10     | Entered Level 10 of the Dungeon
 10017 | D:10     | Found an ancient bone altar of Kikubaaqudgha.
 10025 | D:10     | Reached skill level 12 in Spellcasting
 10025 | D:10     | Reached XP level 10. HP: 53/53 MP: 13/28
 10197 | D:9      | Found a staircase to the Lair.
 10214 | D:9      | Reached *** piety under Sif Muna
 10215 | D:9      | Reached skill level 1 in Hexes
 10308 | Lair:1   | Entered Level 1 of the Lair of Beasts
 10308 | Lair:1   | Noticed a six-headed hydra
 10334 | D:9      | Killed a six-headed hydra
 10335 | D:9      | Reached skill level 5 in Stealth
 11021 | D:10     | Learned a level 5 spell: Fireball
 11048 | D:10     | Noticed a gargoyle
 11282 | D:10     | Noticed Grum
 11287 | D:10     | Killed Grum
 11288 | D:10     | Reached skill level 13 in Spellcasting
 11640 | D:10     | Found a staircase to the Orcish Mines.
 11766 | D:10     | Killed a gargoyle
 11766 | D:10     | Reached **** piety under Sif Muna
 11863 | D:10     | Reached skill level 10 in Conjurations
 12102 | D:11     | Noticed a two-headed ogre
 12113 | D:11     | Killed a two-headed ogre
 12114 | D:11     | Reached XP level 11. HP: 39/57 MP: 17/30
 12257 | D:11     | Identified the +2 robe "Pausurad" {rF+ Will+ MP+9 Stlth+}
 12314 | D:11     | Noticed Josephine
 12320 | D:11     | Killed Josephine
 12321 | D:11     | Reached skill level 14 in Spellcasting
 12528 | D:12     | Noticed a boulder beetle
 13164 | D:11     | Identified the +0 robe of Chill Winds {Regen+ rCorr Int-4
                  | Dex+3}
 13218 | D:12     | Noticed Snorg
 13230 | D:12     | Slain by Snorg

Illustrated notes

Levels and vault maps discovered:
D:1:      enne_arrival_octagon_isle, layout_loops_ring
D:2:      layout_rooms, hellmonk_ecumenical_altar_blasted, minmay_tromino_mix6
D:3:      layout_loops_corners, kennysheep_generic_room_11, uniq_terence
D:4:      layout_loops_ring
D:5:      layout_loops_corners, minmay_temple_entry_glass
D:6:      layout_loops_cross
D:7:      layout_rooms, serial_shops, nicolae_shop_waterfront, grunt_decor_cap,
          amcnicky_mini_rare_corridor_liquid, lightli_church_of_beogh
D:8:      layout_cave_pods, serial_glass, glass_columns_a, glass_columns_b,
          nrook_uturn
D:9:      layout_cave_pools, david_lair_shrubbed, enter_bailey_2
D:10:     layout_rooms, kennysheep_mini_moat, zombieorc2_lemuel,
          minmay_quadrilaterals, uniq_grum
D:11:     layout_loops_ring, uniq_josephine
D:12:     layout_loops_cross, uniq_snorg
Temple:   nicolae_temple_the_god_donut
Lair:1:   layout_layer_cave, uniq_erica

Skill      XL: |  1  2  3  4  5  6  7  8  9 10 11 |
---------------+----------------------------------+-----
Conjurations   | 5 6 7 8 10 | 10.5
Dodging        | 3 4 5 7 |  7.4
Stealth        | 3 4 5 |  5.2
Short Blades   | 1 2 3 |  3.4
Spellcasting   | 4 5 7 9 12 13 14 | 14.7
Necromancy     | 2 5 6 7 |  7.1
Fighting       | 1 2 |  2.0
Hexes          | 2 |  2.5
Staves         | |  0.7
Throwing       | |  0.3
Fire Magic     | |  0.5

Action                   |  1- 3 |  4- 6 |  7- 9 | 10-12 || total
-------------------------+-------+-------+-------+-------++-------
Melee: Short sword       |     1 |    17 |     7 |       ||    25
       Punch             |       |     1 |       |     1 ||     2
       Quarterstaff      |       |     1 |       |       ||     1
       Dagger            |       |       |    49 |    20 ||    69
       Staff             |       |       |       |     4 ||     4
Throw: Dart              |       |       |     3 |     1 ||     4
 Cast: Magic Dart        |    80 |    50 |    87 |    80 ||   297
       Searing Ray       |     4 |    13 |    57 |    37 ||   111
       Necrotise         |       |       |    30 |       ||    30
       Vampiric Draining |       |       |    17 |     3 ||    20
       Fulminant Prism   |       |       |     2 |    19 ||    21
       Fireball          |       |       |       |    11 ||    11
  Use: Potion            |     4 |     4 |     4 |     1 ||    13
       Scroll            |     2 |     4 |     5 |     2 ||    13
 Stab: Sleeping          |       |       |     1 |       ||     1
Armor: Robe              |     5 |    16 |    34 |    31 ||    86
Dodge: Dodged            |    29 |    25 |   126 |    72 ||   252
